 Dungeon Crawl Stone Soup version 0.31.0-11-ge490571c62 (webtiles) character file.

Game seed: 11750232720548823179

67 qw the Shooter (level 4, -1/22 HPs)
             Began as a Spriggan Hunter on Feb 4, 2024.
             Slain by a gnoll
             ... wielding a +0 flail
              (11 damage)
             ... on level 3 of the Dungeon.
             The game lasted 00:00:14 (1382 turns).

qw the Shooter (Spriggan Hunter)                    Turns: 1382, Time: 00:00:15

Health: -1/22      AC:  3    Str:  7    XL:     4   Next: 0%
Magic:  5/5        EV: 19    Int: 10    God:
Gold:   99         SH:  0    Dex: 20    Spells: 3/3 levels left

rFire   . . .        a - +0 shortbow
rCold   . . .        (shield currently unavailable)
rNeg    . . .        c - +0 robe
rPois   .            (helmet restricted)
rElec   .            b - +0 cloak
rCorr   .            (gloves unavailable)
SInv    +            (boots unavailable)
Will    .....        (no amulet)
Stlth   ++           (no ring)
HPRegen 0.23/turn    (no ring)
MPRegen 0.09/turn

%: no passive effects
@: very quick
A: very small, no large weapons, unfitting armour, see invisible, speed 3
a: no special abilities


You were on level 3 of the Dungeon.
You visited 1 branch of the dungeon, and saw 3 of its levels.

You collected 99 gold pieces.


Innate Abilities, Weirdness & Mutations

You are very small and have problems with some larger weapons.
You are too small for most types of armour.
You have supernaturally acute eyesight. (SInv)
You cover ground extremely quickly. (Speed+++)


   Skills:
 - Level 1.5 Fighting
 - Level 5.1 Ranged Weapons
 + Level 4.0 Dodging
 - Level 1.5 Stealth


You had 3 spell levels left.
You didn't know any spells.
Your spell library was empty.

Inventory:

Hand Weapons
 a - a +0 shortbow (weapon)
Armour
 b - a +0 cloak (worn)
 c - a +0 robe (worn)
Wands
 j - a wand of quicksilver (4)
Scrolls
 d - a scroll of enchant weapon {unknown}
 e - 3 scrolls of identify
Potions
 f - a potion of enlightenment {unknown}
 g - a potion of mutation {unknown}
 h - a potion of curing {unknown}
 i - a potion of attraction {unknown}

Dungeon Overview and Level Annotations

Branches:
Dungeon (3/15)

Altars:


Message History

You shoot an arrow. The arrow barely misses the gnoll.
You shoot an arrow. The arrow barely misses the gnoll.
The gnoll closely misses you.
You shoot an arrow. The arrow hits the gnoll!
The gnoll is almost dead.
The gnoll hits you but does no damage. The gnoll closely misses you.
You shoot an arrow. The arrow closely misses the gnoll.
The arrow hits the gnoll but does no damage.
The gnoll is moderately wounded.
The gnoll closely misses you. The gnoll misses you.
You shoot an arrow. The arrow barely misses the gnoll.
The arrow hits the gnoll but does no damage.
The gnoll is moderately wounded.
The gnoll misses you. The gnoll closely misses you.
The gnoll hits you from afar with a +0 spear.
You shoot an arrow. The arrow closely misses the gnoll.
The arrow hits the gnoll.
The gnoll is heavily wounded.
The gnoll closely misses you. x2; The gnoll hits you with a +0 whip.
You shoot an arrow. The arrow hits the gnoll!
You kill the gnoll!
The gnoll misses you.
You shoot an arrow.
The arrow hits the gnoll but does no damage.
The gnoll is heavily wounded.
The gnoll misses you.
You shoot an arrow. The arrow hits the gnoll!
You kill the gnoll!
Your Ranged Weapons skill increases to level 5!
You have reached level 4!
You shoot an arrow.
The arrow hits the gnoll but does no damage.
The gnoll is lightly wounded.
You shoot an arrow. The arrow closely misses the gnoll. x2
The gnoll misses you. The gnoll closely misses you. x3
You shoot an arrow. The arrow barely misses the gnoll.
The arrow hits the gnoll!
The gnoll is severely wounded.
The gnoll hits you with a +0 flail!
Ouch! That really hurt!
You die...

##.....# #..###'##
##.###8.8##
##..##.....##
#..##8.....8##
#.##.........##
#.#8.........8###
#.+...........'.#
#@#8.........8#.#
#g##.........##.##
#g###8.....8###..#
#...##.....## ##.#
###..##8.8## #..
#.gg##+## ##.
#..g....g. #..
#...g..... #..
#..S...... #..


You could see 2 gnolls.

Vanquished Creatures
  2 gnolls (D:3)
  2 adders
  A ribbon worm (D:3)
  An orc (D:2)
  4 ball pythons (D:1)
  A hobgoblin (D:2)
  3 jackals (D:1)
  3 kobolds (D:1)
  A quokka (D:3)
  3 bats
  2 frilled lizards
  7 rats
30 creatures vanquished.

Notes
Turn   | Place    | Note
-------+----------+-------------------------------------------
     0 | D:1      | qw the Spriggan Hunter began the quest for the Orb.
     0 | D:1      | Reached XP level 1. HP: 10/10 MP: 2/2
     0 | D:1      | 0 ||| qw: Version: 0.3-a-160-g6735b56
     0 | D:1      | 0 ||| qw: Game counter: 6108
     0 | D:1      | 0 ||| qw: Melee chars always use a shield: true
     0 | D:1      | 0 ||| qw: God list: Okawaru
     0 | D:1      | 0 ||| qw: Allow faded altars: false
     0 | D:1      | 0 ||| qw: Do Orc after clearing Dungeon:15 true
     0 | D:1      | 0 ||| qw: Do second Lair branch before Depths: true
     0 | D:1      | 0 ||| qw: Lair rune preference: random
     0 | D:1      | 0 ||| qw: Goals: Normal
     0 | D:1      | 0 ||| PLANNING D:1-11
    72 | D:1      | Reached skill level 3 in Dodging
   197 | D:1      | Reached XP level 2. HP: 14/14 MP: 3/3
   533 | D:1      | 533 ||| READING scroll labelled FUG ULIPTACUM.
   534 | D:1      | 534 ||| READING scroll labelled DETOGE QI WIOPE.
   534 | D:1      | 534 ||| ENCHANTING +0 shortbow.
   535 | D:1      | 535 ||| READING scroll labelled KUIDAIVIAW.
   636 | D:1      | 636 ||| DROPPING scroll of butterflies.
   801 | D:2      | Reached XP level 3. HP: 16/18 MP: 4/4
  1188 | D:2      | 1188 ||| UPGRADING to +0 cloak.
  1193 | D:2      | 1193 ||| READING scroll labelled WIYFIMO EGEMMU.
  1194 | D:2      | 1194 ||| READING scroll labelled DOSKAE PURUDGH.
  1194 | D:2      | 1194 ||| IDENTIFYING white potion
  1195 | D:2      | 1195 ||| DROPPING potion of lignification.
  1362 | D:3      | 1362 ||| RETREEEEATING.
  1364 | D:3      | 1364 ||| RETREEEEATING.
  1366 | D:3      | 1366 ||| RETREEEEATING.
  1367 | D:3      | 1367 ||| RETREEEEATING.
  1370 | D:3      | 1370 ||| RETREEEEATING.
  1380 | D:3      | Reached skill level 5 in Ranged Weapons
  1380 | D:3      | Reached XP level 4. HP: 10/22 MP: 5/5
  1382 | D:3      | Slain by a gnoll

Levels and vault maps discovered:
D:1:      dpeg_arrival_windows_large_door, layout_loops_ring
D:2:      layout_loops_cross
D:3:      layout_rooms, lemuel_coloured_pillars_altar, chequers_mini_garden,
          dk_noncrumbling_4

Skill      XL: |  1  2  3 |
---------------+----------+-----
Dodging        | 3 4 |  4.0
Ranged Weapons | 5 |  5.1
Fighting       | |  1.5
Stealth        | |  1.5

Action                     |  1- 3 |  4- 6 || total
---------------------------+-------+-------++-------
   Fire: Shortbow          |    88 |     3 ||    91
    Use: Scroll            |     5 |       ||     5
 Armour: Robe              |     6 |     1 ||     7
  Dodge: Dodged            |    31 |     4 ||    35

Table legend:
 A = Non-vault XP
 B = Vault XP
 C = Vault XP percentage of total XP
 D = Non-vault monster count
 E = Vault monster count
 F = Vault count percentage of total count
                 A         B        C        D         E       F
            +---------+---------+-------+---------+---------+-------
      Total |      97 |       0 |   0.0 |      30 |       0 |   0.0
            +---------+---------+-------+---------+---------+-------
        D:1 |      22 |       0 |   0.0 |      14 |       0 |   0.0
        D:2 |      23 |       0 |   0.0 |       8 |       0 |   0.0
        D:3 |      52 |       0 |   0.0 |       8 |       0 |   0.0
            +---------+---------+-------+---------+---------+-------
